← All builds
Tech / Armada / Economy first / OBSERVED BUILD

Standard tech

Armada Tech (Eco) build order · Supreme Isthmus

Rushes T2 by 4:15, gets Advanced Metal Extractor around 5:28, hands off T2 constructors to Geo and the team, then scales eco and supplies the team's T2 needs through the rest of the game.

Usually first T2 con to Geo (83%)

#eco #t2 #team support · 1591 distinct matches · 254 players · 60% of Armada Tech games · team won 53% of 1901 · Recently observed

HOW TO PLAY IT

Key timing: T2 factory by 4:15

  1. Open 3 mex and heavy wind to fund a fast T2 rush.
  2. Put down Bot Lab, planning to eat it for reclaim soon after.
  3. Get Advanced Bot Lab up, hitting the T2 factory rush timing.
  4. Upgrade mex to Advanced Metal Extractor to lock in team metal income.
  5. Eat Advanced Bot Lab and keep sending cons to Geo and Pond.

Phase by phase

TYPICAL OF ITS 1591 GAMES
  1. 1
  2. 2
  3. 3
  4. 4
PLAY THE OPENING

Follow the example game's first 6:00 step by step: what to build now, what comes next, and where it goes. At 1× it keeps pace with your own game.

  1. 1

    Up to the Bot Lab

    Economy
    • Metal Extractor3Mex
    • Wind Turbine4Wind
    Order
    1. Bot LabBot Lab after 3 mex, 4 winddone ~1:18, middle half 1:13–1:32

    Some games also: energy storage (31%)

    By 1:01 in all: 3 mex · 4 wind

    The example game in this phase · 5 steps
    1. Mex ×2
    2. Wind
    3. Mex
    4. Wind ×2
    5. Bot LabBot Labdone 1:11 · typical 1:18
  2. 2

    Bot Lab to Advanced Bot Lab

    Economy
    • Metal Extractor1Mex
    • Wind Turbine8Wind
    • Energy Storage1Energy storage
    Order
    1. Advanced Bot LabAdvanced Bot Lab after 4 mex, 12 wind, 3 con turretdone ~4:16, middle half 4:04–4:30
    Builders
    • Construction Turret3 Con turret
    • Lazarus3 Lazarus
    • Construction Bot2 Con bot
    • Construction Bot1 Con bot for allies

    Some games also: converter (36%)

    By 3:18 in all: 4 mex · 12 wind · 1 energy storage · 3 con turret

    The example game in this phase · 16 steps
    1. LazarusLazarus ×2
    2. Wind ×3
    3. Construction BotCon bot
    4. LazarusLazarus
    5. Con turret
    6. Construction BotCon botfor Air
    7. Wind ×2
    8. Mex
    9. LazarusLazarus
    10. Energy storage
    11. Construction BotCon botfor Beach sea
    12. Wind ×2
    13. LazarusLazarus
    14. Con turret
    15. Wind ×3
    16. Advanced Bot LabAdvanced Bot Labdone 4:01 · typical 4:16
  3. 3

    Advanced Bot Lab to 5:00

    Economy
    • Wind Turbine3Wind
    Order
    1. Bot LabEat Bot Lab
    Builders
    • Advanced Construction Bot1 T2 con bot for allies

    Some games also: converter (35%)

    By 5:00 in all: 4 mex · 15 wind · 1 converter · 1 energy storage · 3 con turret

    The example game in this phase · 6 steps
    1. Converter
    2. Wind
    3. Bot LabEat Bot Labreclaimed for its metal
    4. Converter
    5. Advanced Construction BotT2 con botfor Geo
    6. FatboyFatboyfor Ponddone 5:04
  4. 4

    5:00 to 10:00

    Economy
    • Wind Turbine43Wind
    • Energy Converter6Converter
    Builders
    • Butler9 Butler
    • Advanced Construction Bot4 T2 con bot for allies
    • Advanced Construction Bot1 T2 con bot

    Some games also: con turret (43%) · Butler for allies (37%)

    By 10:00 in all: 4 mex · 58 wind · 8 converter · 1 energy storage · 3 con turret

    The example game in this phase · 111 steps
    1. Advanced Construction BotT2 con botfor Air
    2. Advanced Metal ExtractorT2 mex ×2done 6:04 · typical 5:28
    3. Advanced Construction BotT2 con botfor Pond
    4. Advanced Metal ExtractorT2 mex
    5. ButlerButler
    6. Advanced Construction BotT2 con botfor Geo sea
    7. Advanced Metal ExtractorT2 mex
    8. ButlerButler ×6
    9. Converter
    10. ButlerButler
    11. Wind
    12. ButlerButler
    13. Converter
    14. Wind
    15. ButlerButler
    16. Wind
    17. Converter
    18. Wind ×2
    19. Advanced Construction BotT2 con botfor Beach sea
    20. Wind ×2
    21. Converter
    22. Wind ×4
    23. Converter
    24. Wind ×5
    25. Advanced Construction BotT2 con bot
    26. Wind ×2
    27. Converter
    28. Wind ×5
    29. Converter
    30. Wind
    31. UmbrellaAnti-nukedone 10:22
    32. Wind ×3
    33. Con turret
    34. Wind ×6
    35. Converter
    36. Con turret
    37. Wind ×14
    38. Converter
    39. Wind ×10
    40. Converter
    41. Wind ×8
    42. Converter
    43. Wind ×3
    44. Fusion ReactorFusiondone 11:52
    45. Wind
    46. Con turret
    47. Wind ×3
    48. Converter
    49. Wind
    50. Con turret
    51. Wind ×4
    52. Con turret
    53. Converter
    54. Wind ×3
    55. Con turret
    56. Wind
    57. Metal storage
    58. Wind ×3
    59. Converter
    60. Wind ×4
    61. Converter
    62. Wind ×5
    63. Converter
    64. Wind ×5
    65. T2 converter
    66. Converter
    67. Wind ×4
    68. Advanced Bot LabEat Advanced Bot Labreclaimed for its metal
    69. Wind ×3
    70. Converter
    71. Wind ×6
    72. Converter
    73. Wind ×6
    74. Converter
    75. Wind ×8
    76. Converter
    77. T2 converter
    78. Wind
    79. Con turret
    80. Wind ×3
    81. Con turret
    82. Wind
    83. Converter
    84. Wind
    85. Con turret
    86. Wind ×2
    87. Con turret
    88. Wind ×2
    89. Con turret
    90. Wind ×2
    91. Converter
    92. Con turret
    93. Wind ×4
    94. Fusion ReactorFusion
    95. Wind ×2
    96. Converter
    97. Wind ×6
    98. Converter
    99. Wind ×4
    100. Converter
    101. Wind ×4
    102. Converter
    103. Wind ×3
    104. T2 converter
    105. Wind
    106. Converter
    107. Wind ×4
    108. Converter
    109. Wind
    110. Advanced Bot LabAdvanced Bot Labnot finished by 15:00
    111. Wind ×6

Counts are medians over the build's games: half of them build more, half fewer. The example game is KingSizeCondom's (34 OS, 20/08/2026); pick another.

Team trades

IN AT LEAST 30% OF ITS GAMES

You hand over

  • Construction Bot1 Con bot to Airfirst at 2:23 · in 84% of games
  • Advanced Construction Bot5 T2 con bot to Air or Pond or Geo seafirst at 4:50 · in 99% of games
  • Butler2 Butler to Geo sea or Beach sea or Pondfirst at 9:06 · in 42% of games

You get

  • Hercules1 Light transport from Airfirst at 4:01 · in 86% of games

How it plays out

Typical game of this build, running totals by minute

Metal produced

020k40k
0:005:0010:0015:00

metal

Enemy metal destroyed

050100150
0:005:0010:0015:00

metal

Own metal lost

050100150
0:005:0010:0015:00

metal

1901 games.

Show as table
ByMetal produced: This buildEnemy metal destroyed: This buildOwn metal lost: This build
1:0038300
2:0091500
3:00165200
4:00314400
5:00484800
6:00580200
7:00723000
8:00906500
9:001117900
10:001352400
11:001624200
12:001965200
13:002342800
14:0027285074
15:0031507115130
WHAT THE NUMBERS SAY

Standard Tech play barely fights at all early, instead pouring metal into T2 infrastructure and constructors for the team.

  • + Metal produced hits 31679 by 15:00, by far the highest of any role here.
  • + T2 factory reached in 97% of games by 4:15, fastest and most reliable T2 timing.
  • − Enemy metal destroyed stays at 0 through 10:00, no early offense at all.
  • − Own metal lost also near 0, showing total avoidance of combat risk.
THE EXAMPLE YOU ARE READING

KingSizeCondom

34.2 OS · 20/08/2026

Open source match ↗

4 received units · includes a constructor
3446 metal received · 71966 energy received

Allied construction assistance is unknown. Timings are observations, not a promise of solo reproducibility.

Typical milestones

Bot Lab1:18Middle 50%: 1:13–1:32 · n=1901
Advanced Bot Lab4:16Middle 50%: 4:04–4:30 · n=1894
Advanced Metal Extractor5:28Middle 50%: 5:05–5:59 · n=1897

Played most by

Amrissa97games of this buildTheGeneraI70games of this buildAdeus57games of this buildEl_Turco55games of this buildKOT_45games of this build